General information
- name: ![NoExcuses] Replayers KotH #1
- type: Custom game
- host: Waaagh!TV
- saver: Elven_Star
map: TurtleRock
- players: 6
- length: 12:48
- speed: Fast
- version: 1.26 W3XP
- replay type: Public
» download(104 KB)
Players
team 1 (winner)
Padash (
blue | 220 APM | 2821 actions | 12:48)
4 Demon Hunter
2 Mana Burn
2 Evasion
5 Pandaren Brewmaster
3 Breath of Fire
2 Drunken Haze
» actions
| Assign group hotkey | 67 | |
| Basic commands | 66 | |
| Build / train | 80 | |
| ESC pressed | 12 | |
| Enter build submenu | 13 | |
| Enter hero's abilities submenu | 9 | |
| Give item / drop item | 7 | |
| Right click | 1219 | |
| Select / deselect | 265 | |
| Select group hotkey | 1005 | |
| Use ability | 78 | |
2821 total
» units
| Wisp | 35 | |
| Archer | 3 | |
| Dryad | 4 | |
| Druid of the Claw | 4 | |
46 total
» upgrades
| Druid of the Claw Training | 2 | |
| Abolish Magic | 1 | |
| Ultravision | 1 | |
| Strength of the Wild | 2 | |
| Mark of the Claw | 1 | |
| Reinforced Hides | 1 | |
| Nature's Blessing | 1 | |
9 total
» buildings
| Altar of Elders | 1 | |
| Moon Well | 6 | |
| Ancient of War | 1 | |
| Tree of Ages | 2 | |
| Hunter's Hall | 1 | |
| Ancient of Lore | 2 | |
| Ancient of Wonders | 1 | |
| Tree of Eternity | 2 | |
| Ancient of Wind | 1 | |
17 total
» build order
00:04 Altar of Elders
00:12 Moon Well
00:26 Ancient of War
01:37 Moon Well
03:08 Tree of Ages
03:08 Tree of Ages
03:18 Moon Well
03:51 Moon Well
04:35 Hunter's Hall
05:37 Ancient of Lore
05:39 Ancient of Lore
05:58 Ancient of Wonders
06:42 Tree of Eternity
06:42 Tree of Eternity
10:23 Moon Well
10:28 Ancient of Wind
10:44 Moon Well
» items
| Circlet of Nobility | 1 | |
| Boots of Speed | 1 | |
| Scroll of Healing | 2 | |
| Potion of Lesser Invulnerability | 1 | |
| Dust of Appearance | 1 | |
| Orb of Venom | 1 | |
| Staff of Preservation | 1 | |
8 total
team 2 (loser)
nE.KurCo (
pink | 207 APM | 2647 actions | 12:47)
3 Death Knight
1 Unholy Aura
2 Death Coil
2 Lich
1 Frost Nova
1 Dark Ritual
» actions
| Assign group hotkey | 75 | |
| Basic commands | 34 | |
| Build / train | 46 | |
| ESC pressed | 1 | |
| Enter build submenu | 13 | |
| Enter hero's abilities submenu | 5 | |
| Give item / drop item | 2 | |
| Remove unit from queue | 2 | |
| Right click | 1327 | |
| Select / deselect | 309 | |
| Select group hotkey | 788 | |
| Use ability | 45 | |
2647 total
» units
| Acolyte | 3 | |
| Ghoul | 13 | |
| Crypt Fiend | 5 | |
| Obsidian Statue | 2 | |
| Abomination | 1 | |
24 total
» upgrades
| Ghoul Frenzy | 1 | |
| Destroyer Form | 1 | |
2 total
» buildings
| Crypt | 1 | |
| Altar of Darkness | 1 | |
| Ziggurat | 5 | |
| Tomb of Relics | 1 | |
| Halls of the Dead | 2 | |
| Graveyard | 1 | |
| Black Citadel | 1 | |
| Slaughterhouse | 1 | |
| Sacrificial Pit | 1 | |
14 total
» build order
00:04 Crypt
00:08 Altar of Darkness
00:23 Ziggurat
01:03 Tomb of Relics
01:26 Ziggurat
02:56 Halls of the Dead
02:56 Halls of the Dead
03:48 Graveyard
05:41 Black Citadel
05:51 Slaughterhouse
06:58 Ziggurat
09:50 Ziggurat
11:43 Ziggurat
11:50 Sacrificial Pit
» items
| Rod of Necromancy | 3 | |
| Dust of Appearance | 1 | |
| Orb of Corruption | 2 | |
6 total
refereesWTV,
Elven_Star,
Obs,
Irc Chat log
(00:03 / All) WTV: - nE.oCRaM
(00:09 / All) nE.KurCo: gl
(00:13 / All) Padash: gl hf
(01:03 / All) WTV: [Wiz] <<nE.KurCo builds Tomb of Relics >>
(01:05 / All) WTV: [Wiz] <<Padash trains Demon Hunter >>
(01:13 / All) WTV: [Wiz] <<nE.KurCo trains Death Knight >>
(01:17 / All) WTV: Reset speed to normal.
(02:08 / All) WTV: [Wiz] <<Padash trains Mana Burn (NE Demon Hunter) >>
(02:10 / All) WTV: [Wiz] <<nE.KurCo buys Rod of Necromancy >>
(02:11 / All) WTV: [Wiz] <<nE.KurCo buys Dust of Appearance >>
(02:24 / All) WTV: [Wiz] <<nE.KurCo trains Unholy Aura (UD Death Knight) >>
(02:39 / All) WTV: [Wiz] <<Padash buys Circlet of Nobility >>
(02:46 / All) WTV: [Wiz] <<Padash trains Evasion (NE Demon Hunter) >>
(02:56 / All) WTV: [Wiz] <<nE.KurCo upgrades to Halls of the Dead >>
(03:08 / All) WTV: [Wiz] <<Padash upgrades to Tree of Ages >>
(03:19 / All) WTV: [Wiz] <<nE.KurCo trains Death Coil (UD Death Knight) >>
(03:31 / All) WTV: [Wiz] <<Padash trains Mana Burn (NE Demon Hunter) >>
(03:40 / All) WTV: [Wiz] <<Padash buys Boots of Speed >>
(04:35 / All) WTV: [Wiz] <<Padash builds Hunters Hall >>
(04:59 / All) WTV: [Wiz] <<nE.KurCo buys Rod of Necromancy >>
(05:37 / All) WTV: [Wiz] <<Padash builds Ancient of Lore >>
(05:41 / All) WTV: [Wiz] <<nE.KurCo upgrades to Black Citadel >>
(05:49 / All) WTV: [Wiz] <<Padash trains Pandaren Brewmaster >>
(05:51 / All) WTV: [Wiz] <<Padash trains Breath of Fire (Pandaren Brewmaster) >>
(05:51 / All) WTV: [Wiz] <<nE.KurCo builds Slaughterhouse >>
(05:58 / All) WTV: [Wiz] <<Padash builds Ancient of Wonders >>
(06:42 / All) WTV: [Wiz] <<Padash upgrades to Tree of Eternity >>
(06:43 / All) WTV: [Wiz] <<nE.KurCo trains Lich >>
(06:56 / All) WTV: [Wiz] <<Padash trains first Dryad >>
(07:30 / All) WTV: [Wiz] <<Padash trains Evasion (NE Demon Hunter) >>
(07:51 / All) WTV: [Wiz] <<nE.KurCo trains first Obsidian statue >>
(07:52 / All) WTV: [Wiz] <<Padash researches Druid of the Claw training Upgrade >>
(07:52 / All) WTV: [Wiz] <<Padash trains first Druid of the Claw >>
(07:54 / All) WTV: [Wiz] <<nE.KurCo trains Frost Nova (UD Lich) >>
(08:01 / All) WTV: [Wiz] <<nE.KurCo buys Orb of Corruption >>
(08:20 / All) WTV: [Wiz] <<Padash trains Drunken Haze (Pandaren Brewmaster) >>
(08:21 / All) WTV: [Wiz] <<nE.KurCo researches Ghoul Frenzy Upgrade >>
(09:06 / All) WTV: [Wiz] <<Padash researches Druid of the Claw training Upgrade >>
(09:11 / All) WTV: [Wiz] <<nE.KurCo researches Destroyer Upgrade >>
(09:13 / All) WTV: [Wiz] <<Padash researches Abolish Magic Upgrade >>
(09:22 / All) WTV: [Wiz] <<Padash researches Ultravision >>
(09:23 / All) WTV: [Wiz] <<Padash researches Strength of the Wild Upgrades >>
(09:41 / All) WTV: [Wiz] <<Padash trains Breath of Fire (Pandaren Brewmaster) >>
(09:45 / All) WTV: [Wiz] <<Padash researches Strength of the Wild Upgrades >>
(09:51 / All) WTV: [Wiz] <<nE.KurCo buys Rod of Necromancy >>
(10:03 / All) WTV: [Wiz] <<Padash buys Scroll of Healing >>
(10:04 / All) WTV: [Wiz] <<Padash buys Potion of Lesser Invulnerability >>
(10:06 / All) WTV: [Wiz] <<Padash buys Dust of Appearance >>
(10:12 / All) WTV: [Wiz] <<Padash researches Mark of the Claw Upgrade >>
(10:16 / All) WTV: [Wiz] <<nE.KurCo trains first Abomination >>
(10:28 / All) WTV: [Wiz] <<Padash builds Ancient of Wind >>
(10:58 / All) WTV: [Wiz] <<Padash trains Drunken Haze (Pandaren Brewmaster) >>
(11:36 / All) WTV: [Wiz] <<Padash researches Reinforced Hide Upgrades >>
(11:39 / All) WTV: [Wiz] <<nE.KurCo trains Dark Ritual (UD Lich) >>
(11:46 / All) WTV: [Wiz] <<Padash buys Orb of Venom >>
(11:46 / All) WTV: [Wiz] <<Padash buys Staff of Preservation >>
(11:50 / All) WTV: [Wiz] <<nE.KurCo builds Sacrificial Pit >>
(12:01 / All) WTV: [Wiz] <<Padash researches Natures Blessing Upgrade >>
(12:07 / All) WTV: [Wiz] <<nE.KurCo trains Death Coil (UD Death Knight) >>
(12:18 / All) WTV: [Wiz] <<Padash trains Breath of Fire (Pandaren Brewmaster) >>
(12:47 / All) nE.KurCo: gg